[Event "Titled Tuesday Blitz January 11 2022"]
[White "Lenderman, Aleksandr"]
[Black "Bethke, Richard"]
[WhiteFideId "2021285"]
[BlackFideId "12959243"]
[WhiteElo "2651"]
[BlackElo "2450"]
[Result "1-0"]
[Round "01"]
[TimeControl "180+1"]
[Date "2022.01.11"]
[WhiteClock "0:01:25"]
[BlackClock "0:00:18"]

1. Nf3 Nf6 2. c4 e6 3. Nc3 d5 4. e3 Be7 5. b3 O-O 6. Bb2 b6 7. cxd5 Nxd5 8. Nxd5 exd5 9. Be2 Bb7 10. O-O Nd7 11. d4 Nf6 12. Bd3 Ne4 13. Qe2 Bf6 14. Rfd1 Qe7 15. Rac1 Rac8 16. Ba6 c6 17. Rc2 Rfd8 18. Rdc1 g6 19. h3 h5 20. Nd2 Nxd2 21. Rxd2 c5 22. dxc5 Rxc5 23. Rxc5 bxc5 24. Bxf6 Qxf6 25. Bxb7 d4 26. exd4 cxd4 27. Bf3 Rc8 28. Qd1 Rd8 29. Rd3 h4 30. b4 Qb6 31. a3 Kg7 32. Qd2 f6 33. a4 Qd6 34. b5 Qe5 35. Bc6 g5 36. Qd1 Kg6 37. a5 a6 38. bxa6 Qxa5 39. Rxd4 Rc8 40. Be4+ Kh6 41. Rd7 Rc7 42. Rxc7 Qxc7 43. Bb1 Qb6 44. Qd3 f5 45. Qxf5 1-0


[Site "https://www.chess.com"]

[Event "Titled Tuesday Blitz January 11 2022"]
[White "Levine, Joseph"]
[Black "Kravtsiv, Martyn"]
[WhiteFideId "30940346"]
[BlackFideId "14113147"]
[WhiteElo "1802"]
[BlackElo "2694"]
[Result "0-1"]
[Round "01"]
[TimeControl "180+1"]
[Date "2022.01.11"]
[WhiteClock "0:01:03"]
[BlackClock "0:01:21"]

1. e4 e5 2. Nf3 Nc6 3. Bc4 Nf6 4. d3 Bc5 5. c3 O-O 6. O-O d5 7. exd5 Nxd5 8. Nbd2 Nb6 9. Ne4 Nxc4 10. Nxc5 Nd6 11. Ne4 Bg4 12. h3 Bh5 13. Ng3 Bg6 14. Re1 Re8 15. h4 f6 16. h5 Bf7 17. h6 g6 18. Ne4 Nxe4 19. dxe4 Qxd1 20. Rxd1 Rad8 21. Be3 a6 22. b3 Be6 23. Nh2 g5 24. g3 Bc8 25. f4 exf4 26. gxf4 Rxe4 27. Rxd8+ Nxd8 28. Ng4 Bxg4 0-1


[Site "https://www.chess.com"]

[Event "Titled Tuesday Blitz January 11 2022"]
[White "Martin Carmona, Gaston Manuel"]
[Black "Tari, Aryan"]
[WhiteFideId "22284567"]
[BlackFideId "1510045"]
[WhiteElo "2161"]
[BlackElo "2567"]
[Result "0-1"]
[Round "01"]
[TimeControl "180+1"]
[Date "2022.01.11"]
[WhiteClock "0:00:04"]
[BlackClock "0:00:07"]

1. d4 d5 2. Nf3 Nf6 3. c4 e6 4. g3 Bd6 5. Bg2 O-O 6. O-O h6 7. Nfd2 Nc6 8. e3 b6 9. Nc3 Ba6 10. b3 Na5 11. Qe2 Rc8 12. Bb2 c5 13. dxc5 bxc5 14. Rac1 d4 15. exd4 cxd4 16. Nce4 Nxe4 17. Nxe4 Be7 18. Rfd1 Nc6 19. a3 e5 20. b4 f5 21. b5 Na5 22. bxa6 fxe4 23. Bxe4 Kh8 24. Bb1 Qd6 25. Qe4 g6 26. c5 Qf6 27. f4 Nb3 28. Rc2 Nxc5 29. Rxc5 Bxc5 30. Rf1 Qf5 31. Qxf5 gxf5 32. fxe5 Rb8 33. Ba1 Rbe8 34. Rc1 Bb6 35. Rc6 Kh7 36. e6 Re7 37. Bd3 h5 38. a4 Kg6 39. a5 Bxa5 40. Bxd4 Rd8 41. Bc5 Bb6 42. Bxb6 axb6 43. Bc4 Rd4 44. Kf2 Kf6 45. Ke3 Ke5 46. Bb3 Rb4 47. Ba2 Ra4 48. Bb3 Rxa6 49. Bc4 Ra4 50. Bb5 Rb4 51. Rxb6 Rxe6 52. Rb8 Rb3+ 53. Kf2 Rb2+ 54. Kf3 Rxh2 55. Bd7 Rd6 56. Re8+ Kf6 57. Bc8 Rd3+ 58. Kf4 Rf2# 0-1


[Site "https://www.chess.com"]

[Event "Titled Tuesday Blitz January 11 2022"]
[White "Martinez Alcantara, Jose Eduardo"]
[Black "Manukian, Artak"]
[WhiteFideId "3805662"]
[BlackFideId "13301373"]
[WhiteElo "2690"]
[BlackElo "2467"]
[Result "1/2-1/2"]
[Round "01"]
[TimeControl "180+1"]
[Date "2022.01.11"]
[WhiteClock "0:02:08"]
[BlackClock "0:00:05"]

1. e4 c6 2. d4 d5 3. e5 Bf5 4. h4 h5 5. Bd3 Bxd3 6. Qxd3 e6 7. Nf3 c5 8. Bg5 Qb6 9. Nc3 c4 10. Qd2 Nc6 11. O-O Nh6 12. Ne2 Ng4 13. b3 cxb3 14. axb3 f6 15. Bf4 Be7 16. c4 Rd8 17. c5 Qb5 18. exf6 Bxf6 19. Ng5 Bxg5 20. Bxg5 Rd7 21. Nf4 Qb4 22. Qxb4 Nxb4 23. Rae1 Kf7 24. Rxe6 Nd3 25. Re2 Nxf4 26. Bxf4 Re8 27. Rxe8 Kxe8 28. b4 Re7 29. b5 Re4 30. Bb8 Rxd4 31. Bxa7 Rc4 32. Rd1 d4 33. c6 bxc6 34. bxc6 Rxc6 35. Bxd4 Rd6 36. Re1+ Kf7 37. Bc5 Re6 38. Rd1 Rc6 39. Bd4 Rd6 40. Rd2 Ne5 41. Bc3 Rxd2 42. Bxd2 Ng6 43. Bg5 Ke6 44. Kh2 Kf5 45. Kg3 Ne5 46. f3 g6 47. Bd2 Nd3 48. Be3 Ne5 49. Kf2 Nd3+ 50. Ke2 Ne5 51. Bd4 Nc6 52. Bc3 Ne7 53. Bd2 Nd5 54. g3 Nf6 55. Kd3 Nd5 56. Bg5 Nc7 57. Be3 Nd5 58. Bd2 Nf6 59. Kd4 Ne8 60. Bf4 Ng7 61. Kd5 Ne6 62. Be3 Nc7+ 63. Kd6 Nb5+ 64. Ke7 Nc3 65. Kd6 Nb5+ 66. Kc6 Nc3 67. Kc5 Ne2 68. Bf2 Nc1 69. Kc4 Ne2 70. Be1 Ng1 71. f4 Kg4 72. Kd5 Ne2 73. Ke6 Nxg3 74. Kf7 Nf5 75. Kxg6 Nxh4+ 76. Bxh4 Kxf4 77. Kxh5 1/2-1/2


[Site "https://www.chess.com"]

[Event "Titled Tuesday Blitz January 11 2022"]
[White "McCoy, Owen"]
[Black "Hakobyan, Aram"]
[WhiteFideId "30924502"]
[BlackFideId "13306677"]
[WhiteElo "2477"]
[BlackElo "2557"]
[Result "0-1"]
[Round "01"]
[TimeControl "180+1"]
[Date "2022.01.11"]
[WhiteClock "0:00:20"]
[BlackClock "0:00:20"]

1. Nf3 d5 2. g3 g6 3. Bg2 Bg7 4. O-O e5 5. d3 Ne7 6. Nbd2 O-O 7. e4 Nbc6 8. c3 h6 9. Re1 a5 10. b3 dxe4 11. Nxe4 b6 12. Qc2 Ba6 13. Bf1 f5 14. Ned2 Nd5 15. Bb2 Qd7 16. Rad1 Rae8 17. Nc4 g5 18. a3 Qf7 19. Bg2 f4 20. b4 g4 21. Nfd2 f3 22. Bf1 axb4 23. axb4 Bb7 24. b5 Nd8 25. Re4 h5 26. Rde1 Qf5 27. h4 Nf7 28. Qb3 Kh8 29. d4 Nf6 30. Rxe5 Nxe5 31. Nxe5 Ne4 32. Nxe4 Bxe4 33. Rxe4 Qxe4 34. Nf7+ Rxf7 35. Qxf7 Qe6 36. Qxh5+ Kg8 37. Bc4 Qxc4 38. Qxe8+ Kh7 39. Qh5+ Kg8 40. Qe8+ Kh7 41. Qe4+ Kh8 42. Qxg4 Qe2 43. Qh5+ Kg8 44. Qd5+ Kh7 45. Qh5+ Bh6 46. Qf7+ Kh8 47. Qf5 Qe1+ 48. Kh2 Qxf2+ 49. Kh3 Qg2+ 50. Kg4 f2 51. Qf6+ Bg7 52. Qd8+ Kh7 53. Bc1 Qe4+ 54. Kh5 Qf5+ 55. Qg5 Qxg5+ 56. hxg5 f1=Q 57. g6+ Kg8 58. Bf4 Qe2+ 59. Kg5 Qxb5+ 60. Kg4 Qd7+ 61. Kf3 c5 62. g4 cxd4 63. cxd4 Qxd4 64. Kg3 Qd5 65. Kh4 b5 66. Bg5 b4 67. Kh5 b3 68. Kh4 b2 69. Kh5 b1=Q 70. Kh4 Qbh1+ 71. Kg3 Qxg5 72. Kf2 Qf4+ 73. Ke2 Qhe4+ 74. Kd1 Qd3+ 75. Ke1 Qfg3# 0-1


[Site "https://www.chess.com"]

[Event "Titled Tuesday Blitz January 11 2022"]
[White "Michaelides, Konstantinos"]
[Black "Guseinov, Gadir"]
[WhiteFideId "5901871"]
[BlackFideId "13401378"]
[WhiteElo "2223"]
[BlackElo "2581"]
[Result "0-1"]
[Round "01"]
[TimeControl "180+1"]
[Date "2022.01.11"]
[WhiteClock "0:00:42"]
[BlackClock "0:01:59"]

1. d4 Nf6 2. Nf3 g6 3. Bg5 Bg7 4. Nbd2 d6 5. c3 O-O 6. e4 Nbd7 7. Bc4 e5 8. dxe5 dxe5 9. O-O Qe7 10. Re1 Nc5 11. Qc2 a5 12. a4 b6 13. Rad1 Bb7 14. Bd5 h6 15. Bxb7 Nxb7 16. Bxf6 Bxf6 17. Nc4 Nc5 18. Nfd2 Bg5 19. Ne3 Bxe3 20. Rxe3 Rad8 21. Ree1 Qe6 22. Nf1 Qc4 23. Ra1 Qd3 24. Qxd3 Rxd3 25. f3 Rfd8 26. Kf2 Kg7 27. Ke2 f5 28. b4 Nb3 29. Ra2 Rxc3 30. bxa5 Nc1+ 0-1


[Site "https://www.chess.com"]

[Event "Titled Tuesday Blitz January 11 2022"]
[White "Nesterov, Arseniy"]
[Black "Skuhala, Jernej"]
[WhiteFideId "24198455"]
[BlackFideId "14605651"]
[WhiteElo "2489"]
[BlackElo "2415"]
[Result "1-0"]
[Round "01"]
[TimeControl "180+1"]
[Date "2022.01.11"]
[WhiteClock "0:00:29"]
[BlackClock "0:01:28"]

1. d4 Nf6 2. c4 e6 3. Nc3 Bb4 4. Qc2 c5 5. dxc5 O-O 6. Nf3 Na6 7. g3 Nxc5 8. Bg2 Nce4 9. O-O Nxc3 10. bxc3 Bc5 11. e4 d6 12. e5 dxe5 13. Nxe5 Qc7 14. Bf4 Bd6 15. Qe2 Nd7 16. Nxd7 Bxd7 17. Bxd6 Qxd6 18. Bxb7 Rab8 19. Rfd1 Qc7 20. Be4 Rfc8 21. Bxh7+ Kxh7 22. Qd3+ f5 23. Qxd7 Qxd7 24. Rxd7 Rxc4 25. Rxa7 Rxc3 26. Re7 Rb6 27. a4 Kg6 28. a5 Ra6 29. Rd1 Kf6 30. Rdd7 g5 31. Ra7 Rxa7 32. Rxa7 Ra3 33. a6 Ra1+ 34. Kg2 g4 35. Ra8 Ke5 36. h4 gxh3+ 37. Kxh3 Ra2 38. a7 Ke4 39. f4 Kf3 40. Kh4 Ra6 41. Kh5 Ra5 42. Kh6 Ra6 43. Kh5 Ra5 44. Kh4 Ra6 45. Re8 Rxa7 46. Rxe6 Rh7+ 47. Kg5 Rf7 48. Rf6 Rg7+ 49. Kxf5 Kxg3 50. Ke6 Kg4 51. f5 Kg5 52. Rf8 Ra7 53. Rg8+ Kh6 54. Rd8 Ra6+ 55. Rd6 Ra7 56. Kf6 Kh7 57. Re6 Ra5 58. Re7+ Kg8 59. Kg6 Kf8 60. Rh7 Ra1 61. Rh8+ Ke7 62. f6+ Ke6 63. Re8+ Kd7 64. f7 Rg1+ 65. Kh5 1-0


[Site "https://www.chess.com"]

[Event "Titled Tuesday Blitz January 11 2022"]
[White "Onyshchuk, Volodymyr"]
[Black "Juhasz, Agoston"]
[WhiteFideId "14114038"]
[BlackFideId "778346"]
[WhiteElo "2642"]
[BlackElo "2211"]
[Result "1-0"]
[Round "01"]
[TimeControl "180+1"]
[Date "2022.01.11"]
[WhiteClock "0:01:27"]
[BlackClock "0:00:01"]

1. g3 Nf6 2. Bg2 d5 3. d3 Bg4 4. b3 e6 5. Bb2 Be7 6. Nd2 O-O 7. h3 Bh5 8. g4 Bg6 9. e3 c5 10. Ne2 Nc6 11. Nf4 e5 12. Nxg6 hxg6 13. g5 Nh5 14. h4 Qd7 15. a3 Rae8 16. Qf3 d4 17. Bh3 Qc7 18. Ne4 Kh7 19. Bg4 Kg8 20. Bxh5 gxh5 21. Qxh5 Qd7 22. O-O-O Qf5 23. Rdg1 b5 24. Rg3 c4 25. Rf3 Qe6 26. Nf6+ Bxf6 27. gxf6 1-0


[Site "https://www.chess.com"]

[Event "Titled Tuesday Blitz January 11 2022"]
[White "Pandey Srishti"]
[Black "Hess, Robert"]
[WhiteFideId "35093290"]
[BlackFideId "2022036"]
[WhiteElo "1832"]
[BlackElo "2557"]
[Result "0-1"]
[Round "01"]
[TimeControl "180+1"]
[Date "2022.01.11"]
[WhiteClock "0:01:00"]
[BlackClock "0:00:06"]

1. d4 g6 2. e4 Bg7 3. Nc3 a6 4. a4 d6 5. Nf3 e6 6. Be2 Ne7 7. O-O b6 8. Be3 Nd7 9. Qd2 h6 10. Ne1 Bb7 11. f4 d5 12. f5 exf5 13. exf5 Nxf5 14. Rxf5 gxf5 15. Bd3 Qf6 16. Nf3 O-O 17. Rf1 Rfe8 18. Bf4 c5 19. dxc5 Nxc5 20. Bg3 d4 21. Ne2 Nxd3 22. cxd3 Bxf3 23. Rxf3 Rac8 24. Bf2 Qe6 25. Nxd4 Bxd4 26. Bxd4 Qe1+ 27. Qxe1 Rxe1+ 28. Kf2 Re6 29. Rxf5 Rd6 30. Ke3 Re8+ 31. Re5 Rxe5+ 32. Bxe5 Rc6 33. Bc3 Kf8 34. d4 Rc4 35. a5 b5 36. Kd3 Ke7 37. Bd2 h5 38. Bg5+ Ke6 39. Bd8 Kd5 40. Bb6 Rc1 41. b4 Rg1 42. g3 Rg2 43. Ke3 Rxh2 44. Kf3 h4 45. gxh4 Rxh4 46. Bc5 Rxd4 47. Bxd4 Kxd4 48. Kf4 Kc4 49. Ke5 Kxb4 50. Kd6 f5 51. Kc6 f4 52. Kb6 f3 53. Kxa6 f2 54. Kb6 f1=Q 55. a6 Qf6+ 56. Kb7 Kc5 57. a7 Qe7+ 58. Kb8 Kb6 59. a8=Q Qc7# 0-1


[Site "https://www.chess.com"]

[Event "Titled Tuesday Blitz January 11 2022"]
[White "Pastar, Slaven"]
[Black "Obregon, Andres Carlos"]
[WhiteFideId "14402718"]
[BlackFideId "111724"]
[WhiteElo "2248"]
[BlackElo "2572"]
[Result "1-0"]
[Round "01"]
[TimeControl "180+1"]
[Date "2022.01.11"]
[WhiteClock "0:01:11"]
[BlackClock "0:01:15"]

1. b3 e5 2. Bb2 d6 3. e3 Nf6 4. d4 exd4 5. Bxd4 Nc6 6. Bb2 g6 7. Nc3 Bg7 8. Nd5 O-O 9. Nxf6+ Bxf6 10. c3 Bf5 11. Be2 d5 12. Nf3 Be4 13. O-O Qd6 14. Qd2 Rad8 15. c4 dxc4 16. Qxd6 Rxd6 17. Bxf6 Rxf6 18. bxc4 Rd8 19. Rfd1 Rfd6 20. Rxd6 Rxd6 21. Rd1 Rxd1+ 22. Bxd1 Na5 23. c5 Bd5 24. a4 b6 25. cxb6 axb6 26. Kf1 Kf8 27. Ke2 Ke7 28. Kd3 Kd6 29. e4 Bc4+ 30. Kd4 c5+ 31. Kc3 f6 32. Bc2 Bf1 33. g3 Nc6 34. Nd2 Bg2 35. f4 Nd4 36. Bd3 Kc6 37. Bc4 h6 38. Bd5+ Kc7 39. Kc4 Kd6 40. e5+ fxe5 41. fxe5+ Kxe5 42. Bxg2 1-0


[Site "https://www.chess.com"]

[Event "Titled Tuesday Blitz January 11 2022"]
[White "Piorun, Kacper"]
[Black "Lomaia, Diana"]
[WhiteFideId "1130420"]
[BlackFideId "13612476"]
[WhiteElo "2571"]
[BlackElo "1744"]
[Result "1-0"]
[Round "01"]
[TimeControl "180+1"]
[Date "2022.01.11"]
[WhiteClock "0:00:05"]
[BlackClock "0:00:01"]

1. e4 c5 2. Nc3 Nc6 3. g3 e6 4. Bg2 g6 5. d3 Bg7 6. f4 d6 7. Nh3 Nge7 8. O-O O-O 9. g4 f5 10. gxf5 exf5 11. Bd2 Be6 12. Kh1 Kh8 13. Nd5 Qd7 14. Ng5 Bg8 15. c3 Rab8 16. Qe1 b5 17. a4 bxa4 18. Bc1 Nxd5 19. exd5 Na5 20. Ra3 Nb3 21. Be3 Rfe8 22. Qg3 Na5 23. Ra2 Qb7 24. Rxa4 Qxb2 25. Rxa5 Qxc3 26. Rxa7 Qxd3 27. Ne6 Bxe6 28. dxe6 Rxe6 29. Bg1 Qxg3 30. hxg3 Rbe8 31. Rb1 Re1 32. Rbb7 Rg8 33. Rd7 Rd1 34. Kh2 c4 35. Rac7 c3 36. Be3 Rd3 37. Bb6 Rd2 38. Ba5 Rd3 39. Rxg7 Rxg7 40. Rc8+ Rg8 41. Bxc3+ Rxc3 42. Rxc3 Rd8 43. Bd5 Kg7 44. Rc7+ Kh6 45. Kh3 g5 46. fxg5+ Kxg5 47. Rxh7 Re8 48. Rf7 Re1 49. Bg2 Re2 50. Rf8 Rd2 51. Bf3 Rd3 52. Bb7 Rd2 53. Bc8 Rf2 54. Rg8+ Kf6 55. Rd8 Ke5 56. Re8+ Kf6 57. Bd7 Kg5 58. Bc8 d5 59. Rd8 Rd2 60. Be6 d4 61. Rd5 Rf2 62. Rxd4 Re2 63. Bc8 Re1 64. Rf4 Rh1+ 65. Kg2 Rc1 66. Rxf5+ Kg6 67. Rf8 Rc2+ 68. Kh3 Rc1 69. Bf5+ Kg5 70. g4 Rd1 71. Rg8+ Kf6 72. Kg2 Kf7 73. Ra8 Rd2+ 74. Kf3 Rd1 75. Be4 Rf1+ 76. Ke3 1-0


[Site "https://www.chess.com"]

[Event "Titled Tuesday Blitz January 11 2022"]
[White "Pires, Marcos Vinicius Torsani"]
[Black "Willow, Jonah B"]
[WhiteFideId "2118939"]
[BlackFideId "438804"]
[WhiteElo "2273"]
[BlackElo "2261"]
[Result "0-1"]
[Round "01"]
[TimeControl "180+1"]
[Date "2022.01.11"]
[WhiteClock "0:00:34"]
[BlackClock "0:01:16"]

1. d4 Nf6 2. Bf4 e6 3. e3 c5 4. c3 cxd4 5. Nd2 dxc3 6. bxc3 d5 7. Ngf3 Bd6 8. Bg3 O-O 9. Bd3 Nc6 10. O-O e5 11. e4 Bg4 12. h3 Bh5 13. Qb1 Qb6 14. Qxb6 axb6 15. Rab1 Bxf3 16. gxf3 Rxa2 17. Rfd1 Bc7 18. exd5 Nxd5 19. Bc4 Ra5 20. Nb3 Nxc3 21. Nxa5 Nxa5 22. Bd5 Nxd1 23. Rxd1 Rd8 24. Kf1 Nc6 25. Bh4 Rd6 26. Bb3 Rxd1+ 27. Bxd1 Nd4 28. Bg5 b5 29. Be3 Ne6 30. Bb3 Kf8 31. Ke2 Ke7 32. Kd3 Kd6 33. Kc3 Ba5+ 34. Kb2 f5 35. h4 Bb4 36. Bc1 Bc5 37. Be3 Bxe3 38. fxe3 f4 39. exf4 Nxf4 40. Kc2 Ng2 41. h5 Ne1+ 42. Kd2 Nxf3+ 43. Ke3 Nd4 44. Bg8 h6 45. Ke4 b4 46. Ba2 b3 47. Bb1 b5 48. Kd3 Kd5 49. Kc3 e4 50. Kb4 e3 51. Bd3 e2 0-1


[Site "https://www.chess.com"]

[Event "Titled Tuesday Blitz January 11 2022"]
[White "Podinic, Bojan"]
[Black "Maghsoodloo, Parham"]
[WhiteFideId "931160"]
[BlackFideId "12539929"]
[WhiteElo "2256"]
[BlackElo "2630"]
[Result "0-1"]
[Round "01"]
[TimeControl "180+1"]
[Date "2022.01.11"]
[WhiteClock "0:02:04"]
[BlackClock "0:01:23"]

1. e4 c5 2. Nc3 Nc6 3. Bb5 g6 4. Bxc6 bxc6 5. d3 Bg7 6. Nge2 d6 7. Be3 f5 8. Qd2 Nf6 9. Bh6 O-O 10. h4 e5 11. Bxg7 Kxg7 12. exf5 gxf5 13. Qg5+ Kh8 14. O-O-O Rg8 15. Qh6 f4 16. h5 Ng4 0-1


[Site "https://www.chess.com"]

[Event "Titled Tuesday Blitz January 11 2022"]
[White "Reprintsev, Alexander"]
[Black "Pichot, Alan"]
[WhiteFideId "14100541"]
[BlackFideId "110973"]
[WhiteElo "2126"]
[BlackElo "2543"]
[Result "0-1"]
[Round "01"]
[TimeControl "180+1"]
[Date "2022.01.11"]
[WhiteClock "0:00:05"]
[BlackClock "0:00:18"]

1. e4 e5 2. Nf3 Nc6 3. Bc4 Bc5 4. b4 Bxb4 5. c3 Ba5 6. d4 d6 7. Qb3 Qd7 8. O-O Nf6 9. Nbd2 O-O 10. a4 Bb6 11. Bb5 a6 12. Bxc6 Qxc6 13. Ba3 Nxe4 14. Nxe4 Qxe4 15. dxe5 Bh3 16. Qb4 Qg6 17. Nh4 Qg5 18. exd6 Ba5 19. Bc1 Qd5 20. Qd4 Qxd4 21. cxd4 Be6 22. dxc7 Bxc7 23. Rb1 b5 24. axb5 axb5 25. Be3 Bc4 26. Rfd1 Rfd8 27. Nf3 Rab8 28. Ne5 Bd5 29. Rdc1 Rb7 30. Nc6 Re8 31. Nb4 Bc4 32. Na6 Bb6 33. Nc5 Ra7 34. h3 Bc7 35. Rb2 Bd6 36. Rcb1 h6 37. g3 Bxg3 38. fxg3 Rxe3 39. Kf2 Raa3 40. Rg1 Rf3+ 41. Ke1 Ra1+ 0-1


[Site "https://www.chess.com"]

[Event "Titled Tuesday Blitz January 11 2022"]
[White "Sadhwani, Raunak"]
[Black "Krasilnikov, Evgeni"]
[WhiteFideId "35093487"]
[BlackFideId "4139739"]
[WhiteElo "2616"]
[BlackElo "2295"]
[Result "1-0"]
[Round "01"]
[TimeControl "180+1"]
[Date "2022.01.11"]
[WhiteClock "0:02:24"]
[BlackClock "0:00:04"]

1. e4 c6 2. Nf3 d5 3. d3 Qc7 4. Nc3 Nf6 5. e5 Nfd7 6. d4 e6 7. Ne2 c5 8. c3 Nc6 9. a3 Be7 10. Nf4 b6 11. Bd3 Bb7 12. b4 c4 13. Bc2 O-O-O 14. a4 a5 15. b5 Na7 16. O-O Kb8 17. Nh5 g6 18. Nf4 Nc8 19. Re1 h6 20. Bxg6 Nf8 21. Bxf7 Qd7 22. Bh5 Bg5 23. h4 Bxf4 24. Bxf4 Ne7 25. Qd2 Nf5 26. Bg4 Qg7 27. Bxf5 exf5 28. e6+ Ka7 29. e7 Rg8 30. g3 1-0


[Site "https://www.chess.com"]

[Event "Titled Tuesday Blitz January 11 2022"]
[White "Sanal, Vahap"]
[Black "Ben Artzi, Ido"]
[WhiteFideId "6300545"]
[BlackFideId "2810913"]
[WhiteElo "2603"]
[BlackElo "2244"]
[Result "1-0"]
[Round "01"]
[TimeControl "180+1"]
[Date "2022.01.11"]
[WhiteClock "0:00:58"]
[BlackClock "0:00:02"]

1. e4 e5 2. Nf3 Nc6 3. Bb5 a6 4. Ba4 Nf6 5. O-O Be7 6. Re1 b5 7. Bb3 d6 8. c3 O-O 9. h3 Nb8 10. d4 Nbd7 11. Nbd2 Bb7 12. Bc2 Re8 13. Nf1 Bf8 14. Ng3 g6 15. a4 c5 16. d5 c4 17. Bg5 Be7 18. Bh6 Nc5 19. Qd2 Nfd7 20. axb5 axb5 21. Nh2 Bf8 22. Ng4 Bxh6 23. Qxh6 Qe7 24. Qe3 h5 25. Nh2 Rxa1 26. Rxa1 Ra8 27. Qe1 Nb6 28. Nf3 Qd8 29. Rb1 Ra2 30. Qe3 Nba4 31. Qc1 Bc8 32. Qh6 Qf8 33. Qg5 Kh7 34. Qc1 f6 35. Nf1 Qh6 36. Ne3 Qf4 37. Nd2 Bd7 38. Ra1 Rxa1 39. Qxa1 g5 40. g3 1-0


[Site "https://www.chess.com"]

[Event "Titled Tuesday Blitz January 11 2022"]
[White "Sarana, Alexey"]
[Black "Dounis, Alexandros"]
[WhiteFideId "24133795"]
[BlackFideId "4213238"]
[WhiteElo "2665"]
[BlackElo "2195"]
[Result "1-0"]
[Round "01"]
[TimeControl "180+1"]
[Date "2022.01.11"]
[WhiteClock "0:00:26"]
[BlackClock "0:00:06"]

1. d4 Nf6 2. c4 g6 3. Nc3 d5 4. cxd5 Nxd5 5. e4 Nxc3 6. bxc3 Bg7 7. Nf3 c5 8. Be3 O-O 9. Qd2 Qa5 10. Rc1 Rd8 11. d5 e6 12. Bg5 f6 13. Be3 exd5 14. exd5 Nc6 15. Bd3 c4 16. Bxc4 Be6 17. Qb2 Bxd5 18. Bxd5+ Qxd5 19. O-O Rd7 20. c4 Qf7 21. Rfd1 Rad8 22. Rxd7 Qxd7 23. h4 a6 24. c5 Kh8 25. Bf4 Nd4 26. Nxd4 Qxd4 27. Qxd4 Rxd4 28. g3 Bf8 29. c6 bxc6 30. Rxc6 Ra4 31. Rxf6 Kg8 32. Rc6 Rxa2 33. Rc8 Kf7 34. Rc7+ Kg8 35. Kg2 a5 36. Rc8 Kf7 37. Rc7+ Kg8 38. Be3 a4 39. Ra7 a3 40. Kf3 Rc2 41. Bd4 Rc4 42. Ke3 h5 43. Kd3 Rc1 44. Ra6 Rd1+ 45. Ke3 Kh7 46. Ke4 Rd2 47. Ke3 Rc2 48. Ra8 Bc5 49. Rh8# 1-0


[Site "https://www.chess.com"]

[Event "Titled Tuesday Blitz January 11 2022"]
[White "Savchenko, Boris"]
[Black "Remolar Gallen, Jose"]
[WhiteFideId "4147332"]
[BlackFideId "2215187"]
[WhiteElo "2512"]
[BlackElo "2205"]
[Result "0-1"]
[Round "01"]
[TimeControl "180+1"]
[Date "2022.01.11"]
[WhiteClock "0:00:50"]
[BlackClock "0:00:18"]

1. e4 c5 2. Nf3 d6 3. d4 cxd4 4. Nxd4 Nf6 5. Nc3 a6 6. Bg5 e6 7. Qe2 Be7 8. O-O-O Nxe4 9. Bxe7 Nxc3 10. Qc4 Nxa2+ 11. Kb1 Kxe7 12. Bd3 Re8 13. h4 Nc6 14. Nxc6+ bxc6 15. Kxa2 e5 16. Qxc6 Be6+ 17. Kb1 Qa5 18. Bxh7 Qa2+ 19. Kc1 Red8 20. b3 Rac8 21. Qa4 Qxa4 22. bxa4 g6 23. h5 Kf6 24. Rd3 Bf5 25. Rf3 Rxc2+ 26. Kd1 Rdc8 27. Rhh3 Rc1+ 28. Kd2 R8c2+ 29. Ke3 Re1# 0-1


[Site "https://www.chess.com"]

[Event "Titled Tuesday Blitz January 11 2022"]
[White "Shimanov, Aleksandr"]
[Black "Jumanov, Elbek"]
[WhiteFideId "4198603"]
[BlackFideId "14202905"]
[WhiteElo "2636"]
[BlackElo "2054"]
[Result "1-0"]
[Round "01"]
[TimeControl "180+1"]
[Date "2022.01.11"]
[WhiteClock "0:00:56"]
[BlackClock "0:00:07"]

1. b3 c5 2. Bb2 Nc6 3. e4 e6 4. Bb5 Nf6 5. Bxc6 bxc6 6. d3 Be7 7. Nd2 O-O 8. f4 Qc7 9. Ne2 Ng4 10. Nf1 d5 11. h3 Nh6 12. Nd2 dxe4 13. Nxe4 Nf5 14. Qd2 a5 15. a4 Rd8 16. O-O Nd4 17. Nxd4 cxd4 18. Qf2 c5 19. Rae1 Bb7 20. Nd2 Bd6 21. Bc1 Bd5 22. Ne4 Bf8 23. Bd2 Qb7 24. f5 exf5 25. Qxf5 Be6 26. Qg5 Kh8 27. Qg3 Bd5 28. Bg5 Re8 29. Nf6 Rxe1 30. Rxe1 h6 31. Bh4 gxf6 32. Bxf6+ Kh7 33. Re5 Qc6 34. Qf4 Be6 35. Rh5 Qd6 36. Rxh6+ Bxh6 37. Qxd6 Rg8 38. Qe5 Rg6 39. Be7 Be3+ 40. Kh2 Bf2 41. Bxc5 Bh4 42. Bxd4 Kh6 43. Qh8+ Kg5 44. Be3+ Kf5 45. Qxh4 Bd5 46. Qf4+ Ke6 47. g4 Rf6 48. Qd4 Rf3 49. Bf4 Rf1 50. Qe5+ 1-0


[Site "https://www.chess.com"]

[Event "Titled Tuesday Blitz January 11 2022"]
[White "Sjugirov, Sanan"]
[Black "Ouellet, Maili-Jade"]
[WhiteFideId "4189302"]
[BlackFideId "2620472"]
[WhiteElo "2602"]
[BlackElo "1886"]
[Result "1-0"]
[Round "01"]
[TimeControl "180+1"]
[Date "2022.01.11"]
[WhiteClock "0:00:08"]
[BlackClock "0:00:15"]

1. e4 c5 2. Nf3 d6 3. Bb5+ Nd7 4. d4 cxd4 5. Qxd4 a6 6. Bxd7+ Bxd7 7. O-O e5 8. Qd3 Nf6 9. Bg5 h6 10. Bxf6 Qxf6 11. Nc3 Bc6 12. Nd5 Bxd5 13. Qxd5 Rb8 14. c4 Be7 15. a4 O-O 16. b4 Rfc8 17. Rfc1 Rc6 18. Rc3 Bf8 19. g3 Qd8 20. a5 Qc7 21. Kg2 Rc8 22. Rac1 b6 23. axb6 Qxb6 24. Rb3 Qc7 25. Nd2 Rb6 26. h4 Ra8 27. Rcb1 Qb8 28. Qd3 Ra7 29. Qc3 Rab7 30. Nf1 Rc6 31. Ne3 Qc8 32. Qd3 Be7 33. b5 axb5 34. Rxb5 Rxb5 35. cxb5 Rc3 36. Qd2 Rc5 37. b6 Qb7 38. Nd5 Bd8 39. Kg1 Rc6 40. Qb4 g6 41. Qb5 Rc5 42. Qe8+ Kg7 43. Qxd8 1-0


[Site "https://www.chess.com"]

[Event "Titled Tuesday Blitz January 11 2022"]
[White "Sliwicki, Damian"]
[Black "Muradli, Mahammad"]
[WhiteFideId "1127128"]
[BlackFideId "13409301"]
[WhiteElo "2084"]
[BlackElo "2645"]
[Result "0-1"]
[Round "01"]
[TimeControl "180+1"]
[Date "2022.01.11"]
[WhiteClock "0:00:30"]
[BlackClock "0:02:09"]

1. e4 c5 2. Nf3 d6 3. d4 cxd4 4. Qxd4 a6 5. c4 Nc6 6. Qe3 Bg4 7. Nc3 g6 8. Be2 Bh6 9. Qd3 Bxc1 10. Rxc1 Bxf3 11. Qxf3 Nf6 12. h4 Qb6 13. b3 Nd4 14. Qe3 e5 15. g4 Qa5 16. Kf1 Nd7 17. Nd5 Qxa2 18. Nc7+ Ke7 19. Nxa8 Rxa8 20. Rh3 Nc5 21. b4 Nce6 22. c5 Qxe2+ 23. Qxe2 Nxe2 24. cxd6+ Kxd6 25. Rd3+ N2d4 26. g5 b6 27. Rdc3 Kd7 28. Ra1 a5 29. Rca3 Nc2 30. Rd1+ Ned4 31. Rf3 Ke7 32. Rc3 axb4 33. Rc7+ Kf8 34. Rb7 b5 35. f4 b3 36. Rb1 Ra1 37. Rxa1 Nxa1 38. f5 b2 39. Rb8+ Ke7 40. Rb7+ Kd6 0-1


[Site "https://www.chess.com"]

[Event "Titled Tuesday Blitz January 11 2022"]
[White "Stankovic, Ivan G"]
[Black "Moskalenko, Alexander"]
[WhiteFideId "902837"]
[BlackFideId "4155351"]
[WhiteElo "2195"]
[BlackElo "2515"]
[Result "0-1"]
[Round "01"]
[TimeControl "180+1"]
[Date "2022.01.11"]
[WhiteClock "0:00:56"]
[BlackClock "0:02:02"]

1. e4 g6 2. c4 e5 3. Nc3 Nc6 4. g3 Bg7 5. Bg2 Nge7 6. Nge2 d6 7. d3 O-O 8. O-O f5 9. Nd5 fxe4 10. dxe4 Bg4 11. Bg5 h6 12. Nxe7+ Nxe7 13. Be3 c5 14. Qd2 Nc6 15. f3 Be6 16. Bxh6 Bxc4 17. Bxg7 Kxg7 18. Rf2 Bxe2 19. Qxe2 Nd4 20. Qc4 b5 21. Qd5 Qb6 22. f4 Qc6 23. fxe5 Qxd5 24. exd5 Rxf2 25. Kxf2 Rf8+ 26. Kg1 dxe5 27. b3 c4 28. bxc4 bxc4 29. Rc1 c3 30. Bf1 c2 31. Bd3 Rf3 32. Bc4 Rc3 33. Bf1 Kf6 34. Kf2 e4 35. a4 Ke5 36. a5 Nb3 0-1


[Site "https://www.chess.com"]